 Dungeon Crawl Stone Soup version 0.22.1-2-g9c5b331383 (webtiles) character file.

409496 Ivernyr the Sorcerer (level 22, 0/154 HPs)
             Began as a Deep Elf Wizard on Nov 10, 2018.
             Was an Elder of Cheibriados.
             Slain by a stone giant (14 damage)
             ... on level 5 of the Vaults on Nov 15, 2018.
             The game lasted 15:11:26 (79901 turns).

Ivernyr the Sorcerer (Deep Elf Wizard)             Turns: 79901, Time: 15:11:27

Health: 0/154      AC: 31    Str: 24    XL:     22   Next: 44%
Magic:  24/60      EV:  2    Int: 54    God:    Cheibriados [****..]
Gold:   1023       SH:  0    Dex: 23    Spells: 11/73 levels left

rFire    . . .     SeeInvis .   f - +6 Majin-Bo {vamp, Archmagi MP+6 Int+6}
rCold    . . .     Gourm    .   (shield currently unavailable)
rNeg     + + +     Faith    .   (armour currently unavailable)
rPois    +         Spirit   .   (helmet currently unavailable)
rElec    +         Reflect  .   (cloak currently unavailable)
rCorr    .         Harm     .   (gloves currently unavailable)
MR       +++..     NoTele   +   (boots currently unavailable)
Stlth    +.........             x - amulet of the acrobat
HPRegen  0.35/turn              L - ring "Cunyn" {*Corrode rElec Str+5 Slay+6 Stlth-}
MPRegen  0.37/turn              Y - ring of Equivalence {rPois rN+ MR+ Int+4 Stlth-}

@: mighty, tree-form, very slightly contaminated, invisible, very slow
A: no striking features
}: 2/15 runes: serpentine, barnacled
a: Bend Time, Temporal Distortion, Slouch, Renounce Religion


You were on level 5 of the Vaults.
You worshipped Cheibriados.
Cheibriados was greatly pleased with you.
You were not hungry.
You were a tree.
You visited 9 branches of the dungeon, and saw 41 of its levels.

You collected 4870 gold pieces.
You spent 3847 gold pieces at shops.

Inventory:

Hand Weapons
 f - the +6 Majin-Bo (weapon) {vamp, Archmagi MP+6 Int+6}
   (You bought it in a shop on level 2 of the Snake Pit)

   It inflicts no extra harm, but heals its wielder when it wounds a living foe.
   It affects your intelligence (+6).
   It affects your magic capacity (+6).
Armour
 a - a +2 robe of positive energy (melded)
 l - a scarf of repulsion (melded)
 W - a +2 helmet of see invisible (melded)
 X - a +2 pair of gloves (melded)
Jewellery
 j - an uncursed ring of resist corrosion
 r - a +1 ring of evasion
 t - a +5 ring of dexterity
 x - an amulet of the acrobat (around neck)
 A - an uncursed ring of protection from fire
 L - the ring "Cunyn" (left branch) {*Corrode rElec Str+5 Slay+6 Stlth-}
   (You found it on level 3 of the Snake Pit)

   [ring of attention]

   It affects your strength (+5).
   It affects your accuracy and damage with ranged weapons and melee attacks
   (+6).
   It insulates you from electricity.
   It may corrode you when you take damage.
   It makes you less stealthy.
 Y - the ring of Equivalence (right branch) {rPois rN+ MR+ Int+4 Stlth-}
   (You bought it in a shop on level 12 of the Dungeon)

   [ring of attention]

   It affects your intelligence (+4).
   It protects you from poison.
   It protects you from negative energy.
   It affects your resistance to hostile enchantments.
   It makes you less stealthy.
Wands
 c - a wand of flame (32)
 E - a wand of acid (28)
 G - a wand of iceblast (19)
Scrolls
 g - 6 scrolls of identify
 k - a scroll of torment {unknown}
 m - 17 scrolls of remove curse
 n - 5 scrolls of magic mapping
 p - 8 scrolls of fog
 s - a scroll of enchant weapon
 y - a scroll of brand weapon {unknown}
 B - 6 scrolls of fear
 I - 4 scrolls of enchant armour
 Q - 3 scrolls of acquirement {unknown}
 S - a scroll of silence {unknown}
 T - 4 scrolls of vulnerability {unknown}
 U - 8 scrolls of amnesia {unknown}
Potions
 b - 3 potions of cancellation {unknown}
 h - 10 potions of flight
 i - 2 potions of agility
 o - 4 potions of brilliance
 q - a potion of resistance
 w - 3 potions of might
 z - 4 potions of lignification
 C - 3 potions of berserk rage
 H - 2 potions of magic
 J - 6 potions of mutation
 K - 7 potions of ambrosia {unknown}
Comestibles
 d - 48 rations


   Skills:
 + Level 20.8 Dodging
 - Level 2.4 Stealth
 + Level 26.1 Spellcasting
 - Level 15.0 Conjurations
   Level 1.1 Summonings
 - Level 16.0 Translocations
 * Level 15.2 Fire Magic
 - Level 10.0 Earth Magic
 + Level 17.6 Invocations


You had 11 spell levels left.
You knew the following spells:

 Your Spells              Type           Power        Failure   Level  Hunger
a - Magic Dart            Conj           ####         0%          1    None
b - Blink                 Tloc           N/A          0%          2    None
c - Conjure Flame         Conj/Fire      ########     0%          3    None
d - Mephitic Cloud        Conj/Pois/Air  ########     1%          3    None
e - Airstrike             Air            #######...   1%          4    None
f - Lightning Bolt        Conj/Air       ########..   1%          5    None
g - Irradiate             Conj/Tmut      ########..   1%          5    None
h - Passwall              Tmut/Erth      ########     1%          2    None
i - Fireball              Conj/Fire      #########.   0%          5    None
j - Controlled Blink      Tloc           N/A          1%          8    None
k - Iron Shot             Conj/Erth      ########..   1%          6    None
l - Leda's Liquefaction   Hex/Erth       ########..   1%          4    None
m - Statue Form           Tmut/Erth      ########.    2%          6    None
n - Ignition              Fire           #########.   1%          8    None

Your spell library contained the following spells:

 Spells                   Type           Power        Failure   Level  Hunger
 Flame Tongue             Conj/Fire      #####        0%          1    None
 Sandblast                Erth           ######       0%          1    None
 Shock                    Conj/Air       ####         0%          1    None
 Shroud of Golubria       Chrm/Tloc      ########..   0%          2    None
 Throw Flame              Conj/Fire      ######       0%          2    None
 Gell's Gravitas          Tloc           #########.   0%          3    None
 Portal Projectile        Hex/Tloc       ######       0%          3    None
 Recall                   Summ/Tloc      N/A          0%          3    None
 Stone Arrow              Conj/Erth      ######       0%          3    None
 Teleport Other           Tloc           ########     0%          3    None
 Force Lance              Conj/Tloc      ########     0%          4    None
 Passage of Golubria      Tloc           N/A          0%          4    None
 Sticky Flame             Conj/Fire      ########     0%          4    None
 Confusing Touch          Hex            ######       1%          1    None
 Corona                   Hex            #######      1%          1    None
 Infusion                 Chrm           ####         1%          1    None
 Call Imp                 Summ           #######.     1%          2    None
 Ensorcelled Hibernation  Hex/Ice        ######       1%          2    None
 Slow                     Hex            #######.     1%          2    None
 Song of Slaying          Chrm           #######.     1%          2    None
 Sublimation of Blood     Necr           #######...   1%          2    None
 Swiftness                Chrm/Air       #######.     1%          2    None
 Confuse                  Hex            #######.     1%          3    None
 Dazzling Spray           Conj/Hex       ######       1%          3    None
 Ignite Poison            Fire/Tmut/Pois ########     1%          3    None
 Inner Flame              Hex/Fire       ########     1%          3    None
 Regeneration             Chrm/Necr      #######...   1%          3    None
 Spectral Weapon          Hex/Chrm       #######.     1%          3    None
 Spider Form              Tmut/Pois      #######...   1%          3    None
 Static Discharge         Conj/Air       ########     1%          3    None
 Tukima's Dance           Hex            #######.     1%          3    None
 Petrify                  Tmut/Erth      ########     1%          4    None
 Borgnjor's Vile Clutch   Necr/Erth      ########..   1%          5    None
 Lee's Rapid Deconstruct  Erth           ########..   1%          5    None
 Summon Forest            Summ/Tloc      ########..   1%          5    None
 Dispersal                Tloc           #########.   1%          6    None
 Disjunction              Tloc           #########.   1%          8    None
 Aura of Abjuration       Summ           #######...   2%          5    None
 Summon Demon             Summ           #######...   2%          5    None
 Alistair's Intoxication  Tmut/Pois      #######.     3%          5    None
 Silence                  Hex/Air        #######...   3%          5    None
 Summon Mana Viper        Hex/Summ       #######.     3%          5    None
 Shadow Creatures         Summ           N/A          13%         6    None
 Darkness                 Hex            #######...   21%         6    None
 Hydra Form               Tmut           #######...   21%         6    None
 Invisibility             Hex            #######.     21%         6    None
 Haunt                    Necr/Summ      #######...   65%         7    None
 Dragon Form              Tmut           #######...   73%         7    None
 Shatter                  Erth           ########..   91%         9    None
 Borgnjor's Revivificati  Necr           #######...   100%        8    None
 Death's Door             Chrm/Necr      #######...   100%        8    None
 Infestation              Necr           #######...   100%        8    None
 Necromutation            Tmut/Necr      #######...   100%        8    None
 Tornado                  Air            #######...   100%        9    None


Dungeon Overview and Level Annotations

Branches:
Dungeon (15/15)            Temple (1/1) D:7            Lair (6/6) D:9
 Shoals (4/4) Lair:4        Snake (4/4) Lair:4        Slime (0/5) Lair:6
    Orc (2/2) D:9             Elf (3/3) Orc:2        Vaults (5/5) D:14
  Crypt (0/3) Vaults:3     Depths (1/5) D:15

Altars:
Ashenzari
Cheibriados
Dithmenos
Elyvilon
Fedhas
Gozag
Hepliaklqana
Kikubaaqudgha
Makhleb
Nemelex Xobeh
Okawaru
Qazlal
Ru
Sif Muna
Trog
Uskayaw
Vehumet
Wu Jian
Xom
Yredelemnul
Zin
The Shining One

Shops:
D:6 (   D:8 !   D:10 }   D:12 ![=   D:14 [   Orc:2 [:(*   Elf:2 :?(}
Shoals:1 !   Snake:1 =}=   Snake:2 (   Snake:3 (

Portals:
Trove: Vaults:2 (give 14 scrolls of teleportation)

Annotations:
D:7 1 runed door, LLavrengius's ghost, novice OpTm
Lair:4 3 runed doors, 1 exclusion, Allula97's ghost, journeyman GrFi
Shoals:1 3 runed doors, exclusion: obsidian statue, Qifrumoos's ghost, adept CeHu


Message History

The stone giant shouts!
It was a potion of magic.
Magic courses through your body.
The stone giant shouts!
The stone giant barely misses you.
Casting: Blink (safe; 0% risk of failure)
Confirm with . or Enter, or press ? or * to list all spells.
You feel a surge of power!
You are stuck in your current form!
Okay, then.
Okay, then.
Okay, then.
Okay, then.
Okay, then.
You feel better. The stone giant hits you.
* * * LOW HITPOINT WARNING * * *
You feel very mighty all of a sudden. The stone giant hits you.
* * * LOW HITPOINT WARNING * * *
You feel mightier all of a sudden. The stone giant hits you!
You die...

#..##.. .. )
##(.# ee##.. #.
#C##..##..# ..#
#.##.C##..##..
##.p##..##..#
##..##..##.. #.
#.##..##..# ..#
#.##..##..# #..
#..##.♣##. [.#
##..##C.# ##..
#.##..##p. ..#
#.##.D##..##p.#
##..##..##..#
##).##..##..#
#.##..##..##..#
#(##..##.. ..#
##..##.D# ##..


You could see an ironheart preserver, a storm dragon and a stone giant.

Vanquished Creatures
  An ancient lich (Vaults:5)
  Vashnia (Snake:2)
  Nikola (Shoals:3)
  2 liches (Vaults:4)
  A titan (Vaults:5)
  Polyphemus (Shoals:2)
  A deep elf master archer (Elf:3)
  2 deep elf blademasters
  A storm dragon (Vaults:4)
  2 tengu reavers (Vaults:5)
  A sphinx (Vaults:4)
  Kirke (Snake:2)
  Roxanne (Elf:2)
  Donald (Elf:2)
  8 nagarajas
  13 deep elf sorcerers
  12 vault wardens
  2 frost giants
  2 fire giants
  Louise (Elf:1)
  An orc warlord (Orc:2)
  6 ironheart preservers
  7 deep elf elementalists
  7 stone giants
  2 entropy weavers
  A war gargoyle (Vaults:4)
  3 deep elf demonologists
  Azrael (Elf:2)
  9 deep elf annihilators
  9 ettins
  6 deep elf death magi
  3 merfolk javelineers (Shoals:4)
  A fire dragon (Lair:4)
  9 merfolk impalers
  2 ice dragons (Vaults:3)
  Josephine (D:15)
  7 deep elf high priests
  13 yaktaur captains
  Harold (D:8)
  3 great orbs of eyes
  29 vault guards
  12 naga warriors
  2 catoblepae
  The ghost of hemabe the Slinger, a journeyman HuAr of Trog (Orc:1)
  7 centaur warriors
  17 anacondas
  9 hydras
  A merfolk avatar (Shoals:2)
  A death knight (Vaults:5)
  4 satyrs
  An alligator snapping turtle (Shoals:3)
  5 merfolk aquamancers
  18 two-headed ogres
  4 ogre magi
  2 deep troll shamans
  A queen ant (D:10)
  26 dancing weapons
  2 deep troll earth magi
  12 death yaks
  8 shock serpents
  3 tengu warriors
  19 naga sharpshooters
  An orc high priest (Elf:1)
  A shadow wraith (Vaults:4)
  20 deep elf knights
  2 salamander mystics (Snake:3)
  6 skeletal warriors
  A hell knight (Vaults:5)
  2 glowing orange brains
  4 unseen horrors
  A flayed ghost (Vaults:2)
  A kraken simulacrum (Shoals:4)
  A storm dragon skeleton (Vaults:4)
  13 deep elf archers
  13 sea snakes
  12 deep trolls
  9 wizards
  10 naga ritualists
  A glowing orange brain (shapeshifter) (Vaults:4)
  9 orc knights
  A lindwurm (Lair:6)
  12 ironbrand convokers
  2 phantasmal warriors (Vaults:5)
  8 harpies
  5 wolf spiders (Vaults:1)
  3 necromancers
  47 deep elf magi
  20 fauns
  16 mana vipers
  2 human zombies (Vaults:4)
  23 ugly things
  4 orc sorcerers
  21 manticores
  13 cyclopes
  10 salamanders
  10 merfolk sirens
  5 elephants
  7 guardian serpents
  33 naga magi
  3 gargoyles
  12 vault sentinels
  12 spiny frogs
  5 water nymphs
  Psyche (D:10)
  47 black mambas
  A yaktaur zombie (Vaults:4)
  A rime drake (Lair:4)
  2 efreet
  6 freezing wraiths
  A yaktaur (shapeshifter) (Vaults:1)
  A redback zombie (D:13)
  8 komodo dragons
  41 yaktaurs
  A tengu conjurer (Shoals:1)
  9 wind drakes
  4 hornets
  10 trolls
  5 polar bears
  43 merfolk
  Grinder (D:6)
  A harpy skeleton (D:15)
  Prince Ribbit (D:8)
  11 dream sheep
  3 hippogriffs (shapeshifter)
  A dream sheep (shapeshifter) (Vaults:5)
  11 slime creatures
  A human simulacrum (Vaults:1)
  11 hippogriffs
  6 blink frogs
  7 snapping turtles
  14 water elementals
  2 shadows
  A tarantella (Vaults:4)
  3 air elementals
  5 redbacks
  6 wraiths
  A wyvern (shapeshifter) (D:15)
  A spriggan (D:8)
  10 fire elementals
  19 humans (D:14)
  72 yaks
  5 wyverns
  A hog (shapeshifter) (D:14)
  2 hungry ghosts
  A basilisk (Lair:2)
  2 steam dragons
  7 vampire mosquitoes
  Grum (D:8)
  53 nagas
  Edmund (D:3)
  20 soldier ants
  4 wargs
  5 acid dragons
  14 water moccasins
  12 porcupines
  2 hell hounds (Elf:2)
  3 black bears
  3 ice beasts
  29 orc warriors
  5 sky beasts
  An eye of draining (D:15)
  2 ettin simulacra (Vaults:2)
  20 ogres
  2 phantoms
  A necrophage (D:9)
  8 boggarts
  21 wolves
  12 centaurs
  10 crocodiles
  10 bullfrogs
  2 big kobolds
  5 earth elementals
  7 scorpions
  A wyvern skeleton (D:14)
  2 water moccasin skeletons
  7 killer bees
  4 wights (D:14)
  3 electric eels
  3 howler monkeys
  2 lava snakes (D:15)
  4 centaur zombies
  5 crimson imps
  5 jellies
  7 hounds
  2 bullfrog skeletons
  8 centaur skeletons
  13 orc priests
  4 iguanas
  31 worker ants
  23 orc wizards
  6 hell rats (Lair:6)
  2 worker ant zombies
  A howler monkey skeleton (D:9)
  14 gnolls
  18 adders
  3 shadow imps
  An ufetubus (Vaults:4)
  2 oozes
  3 adder zombies (D:5)
  3 worms
  2 dart slugs
  6 leopard geckos
  101 orcs
  4 ball pythons
  9 giant cockroaches
  9 goblins
  10 hobgoblins
  5 jackals
  19 kobolds
  4 quokkas
  4 bats
  7 frilled lizards
  A jackal skeleton (D:5)
  A quokka skeleton (D:5)
  A quokka zombie (D:7)
  4 rats
  A fungus (Orc:2)
  8 plants
  A tentacle (Shoals:4)
1726 creatures vanquished.

Vanquished Creatures (others)
  A stone giant (Vaults:5)
  A naga warrior (Snake:4)
  A deep troll (Vaults:5)
  A faun (Shoals:4)
  A faun (shapeshifter) (Vaults:5)
  A merfolk (Shoals:4)
  A water elemental (Elf:2)
  2 humans (Snake:2)
  4 bushes (D:15)
  39 fungi
  26 plants
  4 tentacles (Shoals:4)
82 creatures vanquished.

Grand Total: 1808 creatures vanquished

Notes
Turn   | Place    | Note
-------+----------+-------------------------------------------
     0 | D:1      | Ivernyr the Deep Elf Wizard began the quest for the Orb.
     0 | D:1      | Reached XP level 1. HP: 10/10 MP: 7/7
   312 | D:1      | Reached XP level 2. HP: 15/15 MP: 6/9
   316 | D:1      | Learned a level 2 spell: Blink
   378 | D:1      | Reached skill level 5 in Spellcasting
  1035 | D:2      | Reached XP level 3. HP: 19/19 MP: 8/11
  1040 | D:2      | Learned a level 3 spell: Conjure Flame
  1044 | D:2      | Learned a level 3 spell: Mephitic Cloud
  1055 | D:2      | Found a basalt altar of Yredelemnul.
  1359 | D:2      | Reached XP level 4. HP: 24/24 MP: 8/13
  1416 | D:2      | Reached skill level 6 in Spellcasting
  2000 | D:3      | Found a snail-covered altar of Cheibriados.
  2125 | D:3      | Reached XP level 5. HP: 18/28 MP: 4/15
  2696 | D:3      | Reached skill level 7 in Spellcasting
  3117 | D:3      | Reached XP level 6. HP: 32/32 MP: 16/18
  3289 | D:4      | Noticed Edmund
  3310 | D:4      | Noticed an orc warrior
  3482 | D:3      | Killed Edmund
  3798 | D:4      | Reached skill level 8 in Spellcasting
  3995 | D:4      | Reached skill level 5 in Dodging
  4087 | D:3      | Killed an orc warrior
  4087 | D:3      | Reached XP level 7. HP: 23/36 MP: 3/20
  4526 | D:4      | Reached skill level 9 in Spellcasting
  4800 | D:5      | Entered Level 5 of the Dungeon
  5096 | D:5      | Found a sacrificial altar of Ru.
  5117 | D:5      | Reached skill level 5 in Conjurations
  5117 | D:5      | Reached XP level 8. HP: 29/41 MP: 14/23
  5331 | D:5      | Reached skill level 10 in Spellcasting
  6170 | D:5      | Reached skill level 11 in Spellcasting
  6818 | D:6      | Noticed Grinder
  6959 | D:6      | Paralysed by Grinder for 6 turns
  6976 | D:6      | Paralysed by Grinder for 5 turns
  6987 | D:6      | Killed Grinder
  6987 | D:6      | Reached XP level 9. HP: 20/45 MP: 7/26
  7876 | D:6      | Reached skill level 12 in Spellcasting
  8061 | D:6      | Found Rerad's Weapon Shoppe.
  8270 | D:6      | Found a burning altar of Makhleb.
  8271 | D:6      | Found a hazy altar of Hepliaklqana.
  8615 | D:7      | Found an ancient bone altar of Kikubaaqudgha.
  8706 | D:7      | Paralysed by a hornet for 1 turns
  8707 | D:7      | Reached skill level 13 in Spellcasting
  8941 | D:7      | Found a staircase to the Ecumenical Temple.
  8949 | Temple   | Entered the Ecumenical Temple
  9304 | D:7      | Found a runed door.
  9304 | D:7      | Noticed LLavrengius's ghost (novice OpTm)
  9356 | D:7      | Found a shattered altar of Ashenzari.
  9642 | D:8      | Noticed Grum
  9788 | D:8      | Noticed Harold
  9830 | D:8      | Killed Harold
  9830 | D:8      | Reached XP level 10. HP: 49/50 MP: 12/29
 10180 | D:8      | Noticed a two-headed ogre
 10187 | D:8      | Noticed Prince Ribbit
 10223 | D:8      | Killed Prince Ribbit
 10223 | D:8      | Reached skill level 14 in Spellcasting
 10287 | D:8      | Killed a two-headed ogre
 10923 | D:8      | Found Jogyh Isa's Distillery.
 10933 | D:8      | Upgraded the game from 0.22.1-1-ga44c0e56f4 to
                  | 0.22.1-2-g9c5b331383
 11092 | D:8      | Reached skill level 10 in Dodging
 11103 | D:8      | Killed Grum
 11797 | D:9      | Reached skill level 15 in Spellcasting
 11999 | D:9      | Found a staircase to the Orcish Mines.
 12253 | D:9      | Reached XP level 11. HP: 32/54 MP: 22/32
 12657 | D:3      | Became a worshipper of Cheibriados the Contemplative
 12668 | D:3      | Learned a level 4 spell: Airstrike
 12674 | D:3      | Learned a level 5 spell: Lightning Bolt
 13296 | D:9      | Reached skill level 1 in Invocations
 13487 | D:9      | Found a staircase to the Lair.
 14043 | D:10     | Entered Level 10 of the Dungeon
 14054 | D:10     | Reached * piety under Cheibriados
 14849 | D:10     | Reached ** piety under Cheibriados
 14902 | D:10     | Noticed a queen ant
 14912 | D:10     | Killed a queen ant
 14912 | D:10     | Reached skill level 16 in Spellcasting
 15257 | D:10     | Noticed Psyche
 15261 | D:10     | Killed Psyche
 15261 | D:10     | Reached skill level 10 in Conjurations
 15499 | D:10     | Found Pulocso's Gadget Shop.
 16031 | D:10     | Reached *** piety under Cheibriados
 16940 | Orc:1    | Entered Level 1 of the Orcish Mines
 17008 | Orc:1    | Noticed hemabe's ghost (journeyman HuAr)
 17013 | Orc:1    | Found a transporter.
 17013 | Orc:1    | Noticed an orc sorcerer
 17016 | Orc:1    | Found a transporter.
 17620 | Lair:1   | Entered Level 1 of the Lair of Beasts
 17661 | Lair:1   | Reached **** piety under Cheibriados
 18403 | Lair:1   | Reached XP level 12. HP: 59/59 MP: 18/34
 18709 | Lair:1   | Reached skill level 17 in Spellcasting
 19423 | Lair:2   | Noticed a six-headed hydra
 19425 | Lair:2   | Noticed a seven-headed hydra
 19427 | Lair:2   | Reached skill level 5 in Invocations
 19432 | Lair:2   | Found a sparkling altar of Nemelex Xobeh.
 19596 | Lair:2   | Killed a six-headed hydra
 20180 | Lair:2   | Killed a seven-headed hydra
 20878 | Orc:2    | Entered Level 2 of the Orcish Mines
 20881 | Orc:2    | Noticed a stone giant
 20882 | Orc:2    | Noticed an orc warlord
 22552 | Lair:4   | Found a staircase to the Shoals.
 22630 | Lair:4   | Reached skill level 18 in Spellcasting
 22874 | Lair:4   | Reached ***** piety under Cheibriados
 23199 | Lair:4   | Found a staircase to the Snake Pit.
 23263 | Lair:4   | Noticed a fire dragon
 23532 | Lair:4   | Reached XP level 13. HP: 24/63 MP: 5/37
 24094 | Lair:4   | Found a runed gate.
 24095 | Lair:4   | Found a runed gate.
 24096 | Lair:4   | Found a runed gate.
 24097 | Lair:4   | Noticed Allula97's ghost (journeyman GrFi)
 25581 | Lair:5   | Learned a level 5 spell: Irradiate
 26118 | Lair:6   | Entered Level 6 of the Lair of Beasts
 26122 | Lair:6   | Reached skill level 19 in Spellcasting
 27751 | Lair:6   | Reached ****** piety under Cheibriados
 27935 | Lair:6   | Found a staircase to the Slime Pits.
 28261 | Lair:6   | Reached XP level 14. HP: 68/68 MP: 21/39
 29146 | Lair:6   | Reached skill level 20 in Spellcasting
 30188 | Lair:6   | Got a slimy jade ring
 30189 | Lair:6   | Identified the ring "Harph" {Ice rElec Str+3} (You found it
                  | on level 6 of the Lair of Beasts)
 33007 | D:12     | Found Ivuufeudax's Antique Armour Emporium.
 33019 | D:12     | Found Ucwaus's Jewellery Shoppe.
 33029 | D:12     | Bought the ring of Equivalence {rPois rN+ MR+ Int+4 Stlth-}
                  | for 442 gold pieces
 33297 | D:12     | Found Hiagekh's Distillery.
 33666 | D:13     | Learned a level 2 spell: Passwall
 33678 | D:13     | Found the cursed necklace of Bloodlust {*Rage +Rage MR++
                  | Int-3 Slay+6 *Curse}
 33701 | D:13     | Reached skill level 10 in Invocations
 34326 | D:13     | Got an ancient golden ring
 34327 | D:13     | Identified the ring of the Invisible Hand {rElec rPois
                  | Str-5 Int+3 SInv} (You found it on level 13 of the Dungeon)
 34980 | D:13     | Reached skill level 21 in Spellcasting
 35367 | D:14     | Found Minwelav's Armour Emporium.
 36563 | D:14     | Reached XP level 15. HP: 63/72 MP: 36/42
 36676 | D:14     | Found a gate to the Vaults.
 37176 | D:15     | Entered Level 15 of the Dungeon
 37176 | D:15     | Noticed Josephine
 37369 | D:15     | HP: 3/72 [skeletal warrior/short sword[a skeletal warrior]
                  | (22)]
 37665 | D:15     | Killed Josephine
 37665 | D:15     | Reached skill level 15 in Dodging
 38672 | D:15     | Reached skill level 22 in Spellcasting
 38927 | D:15     | Learned a level 5 spell: Fireball
 39133 | D:15     | Found a staircase to the Depths.
 40467 | Orc:2    | Found Rusad's Antique Weapon Shop.
 40962 | Orc:2    | Found Diddai's General Store.
 40987 | Orc:2    | Found Megad Kysu's Book Shop.
 41124 | Orc:2    | Found a staircase to the Elven Halls.
 41326 | Orc:2    | Killed an orc warlord
 41746 | Orc:2    | Found Duisu's Antique Armour Shop.
 41754 | Orc:2    | Bought a pair of runed gloves for 232 gold pieces
 42066 | Orc:1    | Killed hemabe's ghost
 42273 | Elf:1    | Entered Level 1 of the Elven Halls
 42276 | Elf:1    | Reached XP level 16. HP: 76/76 MP: 33/44
 42853 | Elf:1    | Noticed Louise
 42903 | Elf:1    | Killed Louise
 44663 | Elf:2    | Reached skill level 23 in Spellcasting
 45358 | Elf:2    | Found Maev's Book Emporium.
 45728 | Elf:1    | Reached skill level 15 in Conjurations
 46025 | Elf:2    | Noticed Roxanne
 46136 | Elf:2    | Found Eroh Leo's Gadget Emporium.
 46138 | Elf:2    | Found Wefiete's Magic Scroll Emporium.
 46144 | Elf:2    | Found Faizoyc's Antique Weapon Emporium.
 46151 | Elf:2    | Bought a book of the Warp for 1350 gold pieces
 46160 | Elf:2    | Learned a level 8 spell: Controlled Blink
 46210 | Elf:2    | Bought the Collected Works on Clay for 705 gold pieces
 46217 | Elf:2    | Learned a level 6 spell: Iron Shot
 46222 | Elf:2    | Learned a level 4 spell: Leda's Liquefaction
 46229 | Elf:2    | Learned a level 6 spell: Statue Form
 46467 | Elf:2    | Reached skill level 1 in Earth Magic
 46702 | Elf:2    | Found a runed gate.
 46702 | Elf:2    | Found a runed gate.
 46702 | Elf:2    | Found a runed gate.
 47445 | Elf:2    | Noticed Azrael
 48154 | Shoals:1 | Entered Level 1 of the Shoals
 48159 | Shoals:1 | Reached skill level 5 in Translocations
 48308 | Shoals:1 | Found a runed gate.
 48401 | Shoals:1 | Found a runed gate.
 48401 | Shoals:1 | Found an opulent altar of Gozag.
 48775 | Shoals:1 | Reached skill level 5 in Earth Magic
 48775 | Shoals:1 | Reached XP level 17. HP: 80/80 MP: 33/46
 49639 | Shoals:1 | Found Reahem Goak's Distillery.
 49647 | Shoals:1 | Bought a potion of heal wounds for 80 gold pieces
 49693 | Shoals:1 | Found a runed gate.
 49697 | Shoals:1 | Noticed Qifrumoos's ghost (adept CeHu)
 50389 | Shoals:2 | Noticed Polyphemus
 50399 | Shoals:2 | Killed Polyphemus
 50968 | Shoals:2 | Noticed a kraken
 52156 | Shoals:4 | Entered Level 4 of the Shoals
 52304 | Shoals:4 | Noticed Nikola
 52349 | Shoals:3 | Killed Nikola
 53129 | Shoals:4 | Reached skill level 10 in Translocations
 53215 | Shoals:4 | Reached skill level 10 in Earth Magic
 53215 | Shoals:4 | Reached XP level 18. HP: 85/85 MP: 19/47
 53494 | Shoals:4 | Got a barnacled rune of Zot
 53772 | Shoals:4 | Got a faintly humming robe
 53843 | Shoals:4 | Identified the +1 robe of Capatz {+Fly Str+7 Int-3 Dex+2}
                  | (You took it off a merfolk on level 4 of the Shoals)
 54782 | Elf:2    | Killed Roxanne
 54832 | Elf:2    | Identified Roxanne's Handbook of Stones (You took it off
                  | Roxanne on level 2 of the Elven Halls)
 55028 | Elf:2    | Noticed Donald
 55035 | Elf:2    | Killed Donald
 55173 | Elf:2    | Killed Azrael
 55322 | Elf:2    | Got a dazzling battleaxe {chop}
 55323 | Elf:2    | Identified the cursed +1 battleaxe "Peadauk" {chop, *Noise
                  | rElec rC+ MR+++} (You took it off a deep elf knight on
                  | level 2 of the Elven Halls)
 55614 | Elf:3    | Entered Level 3 of the Elven Halls
 56383 | Elf:3    | Got a translucent amber ring
 57338 | Elf:3    | Got a slimy great sword {slice}
 57339 | Elf:3    | Identified the +4 great sword "Coan" {slice, Str+3} (You
                  | took it off a deep elf annihilator on level 3 of the Elven
                  | Halls)
 58820 | Elf:3    | Got a smoking scale mail
 58822 | Elf:3    | Identified the +1 scale mail of the Moon {rC+++ rN+ MR-
                  | SInv} (You took it off a deep elf blademaster on level 3 of
                  | the Elven Halls)
 59026 | Elf:3    | Reached skill level 24 in Spellcasting
 59139 | Elf:3    | Reached XP level 19. HP: 89/89 MP: 8/49
 59142 | Elf:3    | Reached skill level 15 in Invocations
 59399 | Elf:3    | Identified the ring "Igilisk" {*Tele rPois rF+ Dex+4} (You
                  | took it off a deep elf sorcerer on level 3 of the Elven
                  | Halls)
 59429 | Elf:3    | Identified Sif Muna's Disquisition on Weightlessness and
                  | Translocation
 59653 | Elf:3    | Identified Ceufyro's Guide on Bewitching Transmutation
 60128 | Snake:1  | Entered Level 1 of the Snake Pit
 61063 | Snake:1  | Found Otacvu's Jewellery Boutique.
 61063 | Snake:1  | Found Jotsefas's Gadget Emporium.
 61064 | Snake:1  | Found Zaotiamyu's Jewellery Boutique.
 61658 | Snake:2  | Reached skill level 15 in Translocations
 61867 | Snake:2  | Noticed Kirke
 61870 | Snake:2  | Killed Kirke
 62107 | Snake:2  | Found Peotsasch's Weapon Shoppe.
 62140 | Snake:2  | Bought the +6 Majin-Bo {vamp, Archmagi MP+6 Int+6} for 1038
                  | gold pieces
 62140 | Snake:2  | Found the +6 Majin-Bo {vamp, Archmagi MP+6 Int+6}
 62635 | Snake:2  | Noticed Vashnia
 62998 | Snake:2  | Killed Vashnia
 63870 | Snake:3  | Found Dodur's Antique Weapon Emporium.
 65580 | Snake:3  | Got a brightly glowing bronze ring
 65581 | Snake:3  | Identified the ring "Cunyn" {*Corrode rElec Str+5 Slay+6
                  | Stlth-} (You found it on level 3 of the Snake Pit)
 66364 | Snake:4  | Entered Level 4 of the Snake Pit
 66380 | Snake:4  | Reached skill level 1 in Fire Magic
 66718 | Snake:4  | Reached XP level 20. HP: 94/94 MP: 36/50
 68325 | Snake:4  | Reached skill level 5 in Fire Magic
 69075 | Snake:4  | Got a serpentine rune of Zot
 69661 | Vaults:1 | Entered Level 1 of the Vaults
 70143 | Vaults:1 | Reached skill level 25 in Spellcasting
 70183 | Vaults:1 | Learned a level 8 spell: Ignition
 73336 | Vaults:2 | Found a portal to a secret trove of treasure.
 73920 | Vaults:3 | Reached XP level 21. HP: 98/98 MP: 41/52
 75200 | Vaults:3 | Reached skill level 10 in Fire Magic
 75664 | Vaults:3 | Found a staircase to the Crypt.
 75664 | Vaults:3 | Found an ancient bone altar of Kikubaaqudgha.
 75672 | Vaults:3 | Found a basalt altar of Yredelemnul.
 76294 | Vaults:4 | Found a hazy altar of Hepliaklqana.
 78746 | Depths:1 | Entered Level 1 of the Depths
 79033 | Vaults:5 | Entered Level 5 of the Vaults
 79037 | Vaults:5 | Noticed an ancient lich
 79155 | Vaults:5 | Reached XP level 22. HP: 103/103 MP: 45/53
 79158 | Vaults:5 | Killed an ancient lich
 79266 | Vaults:5 | Reached skill level 26 in Spellcasting
 79483 | Vaults:5 | Reached skill level 15 in Fire Magic
 79491 | Vaults:5 | Paralysed by a floating eye for 3 turns
 79782 | Vaults:5 | HP: 5/133 [phantasmal warrior (24)]
 79787 | Vaults:5 | HP: 3/133 [phantasmal warrior (15)]
 79901 | Vaults:5 | Slain by a stone giant

Skill      XL: |  1  2  3  4  5  6  7  8  9 10 11 12 13 14 15 16 17 18 19 20 21 22 |
---------------+-------------------------------------------------------------------+-----
Spellcasting   | 5 6 7 8 9 11 13 15 16 18 19 21 22 23 24 25 26 | 26.1
Dodging        | 3 4 5 6 7 9 10 11 12 13 14 15 16 17 18 19 20 | 20.8
Conjurations   | 2 3 4 5 6 8 9 10 11 12 13 14 15 | 15.0
Invocations    | 4 6 8 10 11 12 14 15 16 17 | 17.6
Translocations | 5 10 14 16 | 16.0
Earth Magic    | 5 10 | 10.0
Fire Magic     | 2 9 14 15 | 15.2
Stealth        | |  2.4
Summonings     | |  1.1

Action                   |  1- 3 |  4- 6 |  7- 9 | 10-12 | 13-15 | 16-18 | 19-21 | 22-24 || total
-------------------------+-------+-------+-------+-------+-------+-------+-------+-------++-------
Melee: Halberd           |       |    31 |    33 |   246 |   367 |   150 |       |       ||   827
       Glaive            |       |       |   119 |       |       |       |       |       ||   119
       Trident           |       |       |       |    66 |       |       |       |       ||    66
       Battleaxe         |       |       |       |       |       |    21 |   107 |       ||   128
       Quarterstaff      |       |       |       |       |       |       |   278 |    22 ||   300
 Cast: Magic Dart        |    74 |   184 |   340 |   362 |   287 |    28 |    14 |       ||  1289
       Mephitic Cloud    |       |     7 |    20 |    47 |    41 |     3 |       |       ||   118
       Conjure Flame     |       |     4 |    19 |    52 |    27 |       |       |       ||   102
       Blink             |       |     2 |     8 |    18 |    29 |     6 |       |     3 ||    66
       Lightning Bolt    |       |       |       |   105 |   271 |   130 |   127 |       ||   633
       Airstrike         |       |       |       |    58 |   218 |   225 |    39 |       ||   540
       Irradiate         |       |       |       |       |     3 |    32 |    35 |     1 ||    71
       Fireball          |       |       |       |       |    18 |   110 |   134 |     4 ||   266
       Iron Shot         |       |       |       |       |       |   146 |   270 |    15 ||   431
       Leda's Liquefacti |       |       |       |       |       |     3 |     1 |       ||     4
       Statue Form       |       |       |       |       |       |    65 |   108 |     7 ||   180
       Controlled Blink  |       |       |       |       |       |    11 |     7 |     3 ||    21
       Ignition          |       |       |       |       |       |       |     2 |     7 ||     9
Invok: Slouch            |       |       |       |     3 |     6 |     9 |     1 |     2 ||    21
       Bend Time         |       |       |       |       |     1 |       |       |       ||     1
       Step From Time    |       |       |       |       |       |     3 |       |     6 ||     9
       Temporal Distorti |       |       |       |       |       |       |       |     1 ||     1
Evoke: Wand              |       |       |     4 |       |       |       |       |       ||     4
  Use: Scroll            |       |       |     4 |     6 |    17 |    21 |     8 |    13 ||    69
       Potion            |       |       |       |     8 |     3 |     6 |     1 |    16 ||    34
 Stab: Confused          |       |       |     6 |     7 |    18 |       |       |       ||    31
       Distracted        |       |       |       |       |     1 |       |       |       ||     1
  Eat: Chunk             |     1 |     7 |    16 |    35 |    28 |    27 |    18 |       ||   132
       Ration            |       |       |     1 |       |       |       |     3 |     3 ||     7
Armor: Robe              |       |     9 |    24 |    18 |    33 |     8 |     8 |       ||   100
       Skin              |       |       |       |       |       |   152 |   277 |    27 ||   456
Dodge: Dodged            |     1 |    33 |   148 |   251 |   528 |   758 |  1545 |   148 ||  3412
       Deflected         |       |       |       |       |       |    74 |   108 |    10 ||   192
